Workbook
Name _ftn1: 'FORMATO MATRIZ DE RIESGOS'!$A$48
Name _ftnref1: 'FORMATO MATRIZ DE RIESGOS'!$B$41
Name _Hlk130312646: 'FORMATO MATRIZ DE RIESGOS'!$B$41

Sheet FORMATO MATRIZ DE RIESGOS
C1: SECRETARÍA DISTRITAL DE LA MUJER | U1: Código: GC-FO-53
C2: GESTIÓN CONTRACTUAL | U2: Versión: 01
C3: MATRIZ DE RIESGOS DE CONTRATACIÓN | U3: Fecha de emisión: 15/03/2023[1]
A4: Objeto: Prestar el servicio integral para la puesta en marcha y funcionamiento de las Casas Refugio para la atención a mujeres víctimas de violencias y sus personas a cargo, de acuerdo con las características técnicas descritas en el anexo técnico y las normas vigentes que regulan la materia.”
A5: MODALIDAD DE CONTRATACIÓN: Selección Abreviada por Menor Cuantía literal H
A6: No[Numerar consecutivamente empezando en 1] | B6: Clase/general o especifico | C6: Fuente/Interno o Externo | D6: Etapa | E6: Tipo de Riesgo | F6: Descripción del riesgo (que puede pasar y como puede ocurrir) | G6: Consecuencia de la ocurrencia del evento | H6: EVALUAR Y CALIFICAR LOS RIESGOS | L6: ¿A Quien se le asigna? | M6: Tratamiento/ y Controles a ser implementados | N6: IMPACTO DESPUES DEL TRATAMIENTO | R6: ¿Afecta la ejecución del contrato? | S6: Persona Responsable por implementar el tratamiento | T6: Fecha estimada en la que se inicia el tratamiento | U6: Fecha estimada en que se completa el tratamiento | V6: MONITOREO Y REVISIÓN
H7: Probabilidad | I7: Impacto | J7: Valoración del Riesgo | K7: Categoría | N7: Probabilidad | O7: Impacto | P7: Valoración del Riesgo | Q7: Categoría | V7: ¿Cómo se realiza el monitoreo? | W7: Periodicidad ¿Cuándo?
A8: 1 | B8: GENERAL | C8: INTERNO | D8: PLANEACIÓN | E8: RIESGO OPERACIONAL | F8: El presupuesto planificado no corresponde al valor real de los bienes y servicios a contratar. | G8: Imposibilidad para que se presenten oferentes y puede generarse la declaratoria de desierta del proceso. | H8: 2. Improbable (Puede ocurrir ocasionalmente) | I8: 2. menor | J8: {=INDEX(Hoja4!$C$6:$C$10,MATCH(H8,Hoja4!$B$6:$B$10,0))+INDEX(Hoja4!$D$5:$H$5,MATCH(I8,Hoja4!$D$4:$H$4,0))} -> 4 | K8: {=INDEX(Hoja4!$C$6:$C$10,MATCH(H8,Hoja4!$B$6:$B$10,0))+INDEX(Hoja4!$D$5:$H$5,MATCH(I8,Hoja4!$D$4:$H$4,0))} -> 4 | L8: Entidad | M8: Se debe efectuar Análisis del Sector y estudio de Mercado, conforme al objeto a contratar, aplicando las variables que correspondan, que permita establecer de manera real el valor del presupuesto oficial del proceso. (# 4 art 2,2,1,1,2,1,1 D. 1082/2015) Tener en cuenta los lineamientos que para el efecto establezca Colombia Compra Eficiente. | N8: 1. Raro (Puede ocurrir excepcionalmente) | O8: 1. insignificante | P8: {=INDEX(Hoja4!$C$6:$C$10,MATCH(N8,Hoja4!$B$6:$B$10,0))+INDEX(Hoja4!$D$5:$H$5,MATCH(O8,Hoja4!$D$4:$H$4,0))} -> 2 | Q8: {=INDEX(Hoja4!$C$6:$C$10,MATCH(N8,Hoja4!$B$6:$B$10,0))+INDEX(Hoja4!$D$5:$H$5,MATCH(O8,Hoja4!$D$4:$H$4,0))} -> 2 | R8: SI | S8: SDM (DEVAJ) | T8: Inicio etapa planeación | U8: Finalización etapa planeación | V8: En el momento de la revisión de los análisis del sector y de mercado y constantemente sesiones de trabajo que fortalezcan la construcción de los documentos. | W8: Durante la etapa de construcción de documentos precontractuales.
A9: 2 | B9: GENERAL | C9: EXTERNO | D9: CONTRATACIÓN | E9: RIESGO OPERACIONAL | F9: El proveedor presenta retrasos en la consecución de los requisitos para dar inicio al contrato, incluidos aquellos relacionados con las condiciones del inmueble, constitución y presentación de las garantías. | G9: Retraso en el inicio y ejecución del contrato por afectación en el logro de los objetivos y satisfacción de la necesidad propuesta. | H9: 1. Raro (Puede ocurrir excepcionalmente) | I9: 4. mayor | J9: {=INDEX(Hoja4!$C$6:$C$10,MATCH(H9,Hoja4!$B$6:$B$10,0))+INDEX(Hoja4!$D$5:$H$5,MATCH(I9,Hoja4!$D$4:$H$4,0))} -> 5 | K9: {=INDEX(Hoja4!$C$6:$C$10,MATCH(H9,Hoja4!$B$6:$B$10,0))+INDEX(Hoja4!$D$5:$H$5,MATCH(I9,Hoja4!$D$4:$H$4,0))} -> 5 | L9: Contratista | M9: Se establece un plazo perentorio de ocho (8) días para lograr la consecución de los requisitos para dar inicio al contrato. | N9: 1. Raro (Puede ocurrir excepcionalmente) | O9: 2. menor | P9: {=INDEX(Hoja4!$C$6:$C$10,MATCH(N9,Hoja4!$B$6:$B$10,0))+INDEX(Hoja4!$D$5:$H$5,MATCH(O9,Hoja4!$D$4:$H$4,0))} -> 3 | Q9: {=INDEX(Hoja4!$C$6:$C$10,MATCH(N9,Hoja4!$B$6:$B$10,0))+INDEX(Hoja4!$D$5:$H$5,MATCH(O9,Hoja4!$D$4:$H$4,0))} -> 3 | R9: SI | S9: Proveedor seleccionado | T9: De manera previa al desarrollo del proceso de selección se establecen los términos y requisitos de inicio. | U9: Una vez el contratista ha cumplido los requisitos para el perfeccionamiento y ejecución conforme a la normatividad vigente aplicados por la SDM | V9: Mediante el seguimiento al cumplimiento efectivo de los requisitos de perfeccionamiento y ejecución por parte del contratista | W9: Desde la adjudicación de los contratos hasta el cumplimiento de los requisitos de perfeccionamiento y ejecución.
A10: 3 | B10: GENERAL | C10: EXTERNO | D10: SELECCIÓN | E10: RIESGO OPERACIONAL | F10: Que dos o más oferentes realicen acuerdos de manera fraudulenta con el fin de lograr que el proceso sea adjudicado a un proponente en particular. (Colusión) | G10: Afectación de la objetividad, transparencia y legalidad del proceso de selección, con posible generación de investigaciones o actuaciones administrativas, sancionatorias o judiciales por parte de las autoridades competentes, conforme a los procedimientos legalmente establecidos. | H10: 2. Improbable (Puede ocurrir ocasionalmente) | I10: 2. menor | J10: {=INDEX(Hoja4!$C$6:$C$10,MATCH(H10,Hoja4!$B$6:$B$10,0))+INDEX(Hoja4!$D$5:$H$5,MATCH(I10,Hoja4!$D$4:$H$4,0))} -> 4 | K10: {=INDEX(Hoja4!$C$6:$C$10,MATCH(H10,Hoja4!$B$6:$B$10,0))+INDEX(Hoja4!$D$5:$H$5,MATCH(I10,Hoja4!$D$4:$H$4,0))} -> 4 | L10: Contratista | M10: Estructuración jurídica, técnica y financiera del proceso que garantice pluralidad de oferentes. Poner en conocimiento de las autoridades competentes (superindustria y Comercio y Fiscalia) los posibles hechos de colusión | N10: 1. Raro (Puede ocurrir excepcionalmente) | O10: 2. menor | P10: {=INDEX(Hoja4!$C$6:$C$10,MATCH(N10,Hoja4!$B$6:$B$10,0))+INDEX(Hoja4!$D$5:$H$5,MATCH(O10,Hoja4!$D$4:$H$4,0))} -> 3 | Q10: {=INDEX(Hoja4!$C$6:$C$10,MATCH(N10,Hoja4!$B$6:$B$10,0))+INDEX(Hoja4!$D$5:$H$5,MATCH(O10,Hoja4!$D$4:$H$4,0))} -> 3 | R10: NO | S10: SDM (DEVAJ) | T10: Estructuración documentos precontractuales | U10: Adjudicación del contrato | V10: Seguimiento y cumplimiento del tratamiento con acompañamiento de la Dirección de Contratación. | W10: Permanente durante la parte precontractual
A11: 4 | B11: GENERAL | C11: EXTERNO | D11: SELECCIÓN | E11: RIESGO FINANCIERO | F11: Imprecisiones cometidas por el proponente en el análisis de precios unitarios de su propuesta y sus costos asociados. | G11: Desequilibrio ecuación económica del contrato por baja utilidad | H11: 2. Improbable (Puede ocurrir ocasionalmente) | I11: 3. moderado | J11: {=INDEX(Hoja4!$C$6:$C$10,MATCH(H11,Hoja4!$B$6:$B$10,0))+INDEX(Hoja4!$D$5:$H$5,MATCH(I11,Hoja4!$D$4:$H$4,0))} -> 5 | K11: {=INDEX(Hoja4!$C$6:$C$10,MATCH(H11,Hoja4!$B$6:$B$10,0))+INDEX(Hoja4!$D$5:$H$5,MATCH(I11,Hoja4!$D$4:$H$4,0))} -> 5 | L11: Contratista | M11: El proponente debe considerar y analizar de manera rigurosa todos los ítems y servicios requeridos, especificaciones técnicas, especificaciones de calidad, costos asociados al bien o servicio que pretende ser adjudicado, al momento de confeccionar su oferta económica. Los errores e imprecisiones de tipo aritmético (operación matemática) que sean cometidos por el proponente en su oferta económica serán corregidos por la entidad y éste será el valor que tomará la entidad para efectos de la evaluación. El resultado de las correcciones aritméticas efectuadas a las ofertas de los proponentes, serán de forzosa aceptación para los proponentes, es decir los errores cometidos por el proponente seran asumidos por este. | N11: 1. Raro (Puede ocurrir excepcionalmente) | O11: 2. menor | P11: {=INDEX(Hoja4!$C$6:$C$10,MATCH(N11,Hoja4!$B$6:$B$10,0))+INDEX(Hoja4!$D$5:$H$5,MATCH(O11,Hoja4!$D$4:$H$4,0))} -> 3 | Q11: {=INDEX(Hoja4!$C$6:$C$10,MATCH(N11,Hoja4!$B$6:$B$10,0))+INDEX(Hoja4!$D$5:$H$5,MATCH(O11,Hoja4!$D$4:$H$4,0))} -> 3 | R11: SI | S11: Proponentes | T11: Etapa presentacion de ofertas | U11: Adjudicación del contrato | V11: Realizar control financiero de la oferta económica, de acuerdo con el análisis de costos realizado para la confección de la misma. | W11: Durante el periodo de presentación de las ofertas.
A12: 5 | B12: GENERAL | C12: INTERNO | D12: EJECUCIÓN | E12: RIESGO OPERACIONAL | F12: Errores involuntarios que hayan quedado en los estudios previos y en el anexo técnico frente a unidades, cantidades, especificaciones, productos, servicios, descripción del proyecto, operaciones aritméticas, etc. | G12: Afectación en la ejecución del contrato, pudiéndose generar modificaciones, prorrogas y/o adiciones. | H12: 3. Posible (Puede occurrir en cualquier momento futuro) | I12: 2. menor | J12: {=INDEX(Hoja4!$C$6:$C$10,MATCH(H12,Hoja4!$B$6:$B$10,0))+INDEX(Hoja4!$D$5:$H$5,MATCH(I12,Hoja4!$D$4:$H$4,0))} -> 5 | K12: {=INDEX(Hoja4!$C$6:$C$10,MATCH(H12,Hoja4!$B$6:$B$10,0))+INDEX(Hoja4!$D$5:$H$5,MATCH(I12,Hoja4!$D$4:$H$4,0))} -> 5 | L12: Entidad | M12: Verificar desde los Estudios Previos y las condiciones establecidas en el Anexo Técnico, que se determinen de manera clara, las unidades, cantidades, especificaciones, productos, servicios, operaciones aritméticas y estas coincidan en todos aquellos documentos que se suscriban. | N12: 1. Raro (Puede ocurrir excepcionalmente) | O12: 2. menor | P12: {=INDEX(Hoja4!$C$6:$C$10,MATCH(N12,Hoja4!$B$6:$B$10,0))+INDEX(Hoja4!$D$5:$H$5,MATCH(O12,Hoja4!$D$4:$H$4,0))} -> 3 | Q12: {=INDEX(Hoja4!$C$6:$C$10,MATCH(N12,Hoja4!$B$6:$B$10,0))+INDEX(Hoja4!$D$5:$H$5,MATCH(O12,Hoja4!$D$4:$H$4,0))} -> 3 | R12: SI | S12: Supervision del contrato | T12: Inicio etapa de ejecución. | U12: Hasta la superación del evento. | V12: Con lecturas integrales de los documentos precontractuales por parte del área técnica y el área de contratos | W12: Durante la etapa ejecución respectiva.
A13: 6 | B13: GENERAL | C13: EXTERNO | D13: EJECUCIÓN | E13: RIESGO OPERACIONAL | F13: Demoras en la presentación de informes por parte del contratista y en la prestación de los servicios tales como: alimentación, vestuario, transporte. etc. | G13: Afecta el cumplimiento de las obligaciones del contratista, relacionadas la presentación de informes y prestación del servicio. | H13: 2. Improbable (Puede ocurrir ocasionalmente) | I13: 3. moderado | J13: {=INDEX(Hoja4!$C$6:$C$10,MATCH(H13,Hoja4!$B$6:$B$10,0))+INDEX(Hoja4!$D$5:$H$5,MATCH(I13,Hoja4!$D$4:$H$4,0))} -> 5 | K13: {=INDEX(Hoja4!$C$6:$C$10,MATCH(H13,Hoja4!$B$6:$B$10,0))+INDEX(Hoja4!$D$5:$H$5,MATCH(I13,Hoja4!$D$4:$H$4,0))} -> 5 | L13: Contratista | M13: Requerir al contratista el cumplimiento de las obligaciones relacionadas con la presentación oportuna de los informesvisión y correcta prestación del servicio, de acuerdo con lo establecido en el contrato y anexo técnico. | N13: 2. Improbable (Puede ocurrir ocasionalmente) | O13: 2. menor | P13: {=INDEX(Hoja4!$C$6:$C$10,MATCH(N13,Hoja4!$B$6:$B$10,0))+INDEX(Hoja4!$D$5:$H$5,MATCH(O13,Hoja4!$D$4:$H$4,0))} -> 4 | Q13: {=INDEX(Hoja4!$C$6:$C$10,MATCH(N13,Hoja4!$B$6:$B$10,0))+INDEX(Hoja4!$D$5:$H$5,MATCH(O13,Hoja4!$D$4:$H$4,0))} -> 4 | R13: SI | S13: Contratista | T13: Ejecución contractual | U13: Finalización etapa de ejecución | V13: Verificando de manera eficiente los informes y soportes aportados por el contratista y requiriendo de manera oportuna las subsanaciones o aclaraciones necesarias para las aprobaciones de productos y servicios | W13: Durante toda la etapa de ejecución.
A14: 7 | B14: ESPECIFICO | C14: EXTERNO | D14: EJECUCIÓN | E14: RIESGO REGULATORIO | F14: Ocurrencia de situaciones de orden público, paros o huelgas, o los efectos derivados y ocasionados por los mismos. | G14: Parálisis o retraso en la prestación de algunos servicios | H14: 2. Improbable (Puede ocurrir ocasionalmente) | I14: 2. menor | J14: {=INDEX(Hoja4!$C$6:$C$10,MATCH(H14,Hoja4!$B$6:$B$10,0))+INDEX(Hoja4!$D$5:$H$5,MATCH(I14,Hoja4!$D$4:$H$4,0))} -> 4 | K14: {=INDEX(Hoja4!$C$6:$C$10,MATCH(H14,Hoja4!$B$6:$B$10,0))+INDEX(Hoja4!$D$5:$H$5,MATCH(I14,Hoja4!$D$4:$H$4,0))} -> 4 | L14: Contratista y Entidad | M14: Definición de Plan de contingencia | N14: 1. Raro (Puede ocurrir excepcionalmente) | O14: 1. insignificante | P14: {=INDEX(Hoja4!$C$6:$C$10,MATCH(N14,Hoja4!$B$6:$B$10,0))+INDEX(Hoja4!$D$5:$H$5,MATCH(O14,Hoja4!$D$4:$H$4,0))} -> 2 | Q14: {=INDEX(Hoja4!$C$6:$C$10,MATCH(N14,Hoja4!$B$6:$B$10,0))+INDEX(Hoja4!$D$5:$H$5,MATCH(O14,Hoja4!$D$4:$H$4,0))} -> 2 | R14: SI | S14: Contratista/ supervisor | T14: En la ocurrencia del evento | U14: Hasta la superación del evento | V14: Seguimiento al plan de contingencia planteado | W14: Permanente – Durante toda la ejecución.
A15: 8 | B15: ESPECIFICO | C15: EXTERNO | D15: EJECUCIÓN | E15: RIESGO DE LA NATURALEZA | F15: Eventos causados por la naturaleza de tipo climático (tierra, Agua, Aire) | G15: Que por fuerza mayor el operador no pueda cumplir con la entrega de los servicios y bienes establecidos en el contrato | H15: 2. Improbable (Puede ocurrir ocasionalmente) | I15: 2. menor | J15: {=INDEX(Hoja4!$C$6:$C$10,MATCH(H15,Hoja4!$B$6:$B$10,0))+INDEX(Hoja4!$D$5:$H$5,MATCH(I15,Hoja4!$D$4:$H$4,0))} -> 4 | K15: {=INDEX(Hoja4!$C$6:$C$10,MATCH(H15,Hoja4!$B$6:$B$10,0))+INDEX(Hoja4!$D$5:$H$5,MATCH(I15,Hoja4!$D$4:$H$4,0))} -> 4 | L15: Contratista y Entidad | M15: Elaboración e implementación de Planes De Emergencia | N15: 1. Raro (Puede ocurrir excepcionalmente) | O15: 1. insignificante | P15: {=INDEX(Hoja4!$C$6:$C$10,MATCH(N15,Hoja4!$B$6:$B$10,0))+INDEX(Hoja4!$D$5:$H$5,MATCH(O15,Hoja4!$D$4:$H$4,0))} -> 2 | Q15: {=INDEX(Hoja4!$C$6:$C$10,MATCH(N15,Hoja4!$B$6:$B$10,0))+INDEX(Hoja4!$D$5:$H$5,MATCH(O15,Hoja4!$D$4:$H$4,0))} -> 2 | R15: SI | S15: Contratista/ supervisor | T15: En la ocurrencia del evento | U15: Hasta la superación del evento | V15: Seguimiento a los planes de emergencia | W15: Mensualmente - Durante toda la ejecución
A16: 9 | B16: ESPECIFICO | C16: EXTERNO | D16: EJECUCIÓN | E16: RIESGO FINANCIERO | F16: Disminución representativa de capital de trabajo del Proveedor por circunstancias ajenas a la ejecución del contrato. | G16: Deficiencias en la prestación de servicios en las Casas Refugio | H16: 1. Raro (Puede ocurrir excepcionalmente) | I16: 2. menor | J16: {=INDEX(Hoja4!$C$6:$C$10,MATCH(H16,Hoja4!$B$6:$B$10,0))+INDEX(Hoja4!$D$5:$H$5,MATCH(I16,Hoja4!$D$4:$H$4,0))} -> 3 | K16: {=INDEX(Hoja4!$C$6:$C$10,MATCH(H16,Hoja4!$B$6:$B$10,0))+INDEX(Hoja4!$D$5:$H$5,MATCH(I16,Hoja4!$D$4:$H$4,0))} -> 3 | L16: Contratista | M16: Requerir al contratista para que presente estrategias de mitigación inmediata que permitan el cumplimiento efectivo de la prestación del servicio contratado. | N16: 1. Raro (Puede ocurrir excepcionalmente) | O16: 1. insignificante | P16: {=INDEX(Hoja4!$C$6:$C$10,MATCH(N16,Hoja4!$B$6:$B$10,0))+INDEX(Hoja4!$D$5:$H$5,MATCH(O16,Hoja4!$D$4:$H$4,0))} -> 2 | Q16: {=INDEX(Hoja4!$C$6:$C$10,MATCH(N16,Hoja4!$B$6:$B$10,0))+INDEX(Hoja4!$D$5:$H$5,MATCH(O16,Hoja4!$D$4:$H$4,0))} -> 2 | R16: SI | S16: Contratista | T16: Desde la ocurrencia del evento | U16: Fin de la Operación | V16: Mediante el seguimiento planes de mitigación, despliegue de acciones preventivas, acciones correctivas. | W16: Mensualmente
A17: 10 | B17: GENERAL | C17: EXTERNO | D17: EJECUCIÓN | E17: RIESGO FINANCIERO | F17: Desabastecimiento de elementos o insumos por falta de capacidad de producción, o especulación de precios en el mercado | G17: Retrasos en las entregas de los bienes o servicios | H17: 1. Raro (Puede ocurrir excepcionalmente) | I17: 3. moderado | J17: {=INDEX(Hoja4!$C$6:$C$10,MATCH(H17,Hoja4!$B$6:$B$10,0))+INDEX(Hoja4!$D$5:$H$5,MATCH(I17,Hoja4!$D$4:$H$4,0))} -> 4 | K17: {=INDEX(Hoja4!$C$6:$C$10,MATCH(H17,Hoja4!$B$6:$B$10,0))+INDEX(Hoja4!$D$5:$H$5,MATCH(I17,Hoja4!$D$4:$H$4,0))} -> 4 | L17: Contratista y Entidad | M17: Establecer un plan de contingencia con alternativas que le permitan cumplir con las condiciones y características técnicas exigidas | N17: 1. Raro (Puede ocurrir excepcionalmente) | O17: 2. menor | P17: {=INDEX(Hoja4!$C$6:$C$10,MATCH(N17,Hoja4!$B$6:$B$10,0))+INDEX(Hoja4!$D$5:$H$5,MATCH(O17,Hoja4!$D$4:$H$4,0))} -> 3 | Q17: {=INDEX(Hoja4!$C$6:$C$10,MATCH(N17,Hoja4!$B$6:$B$10,0))+INDEX(Hoja4!$D$5:$H$5,MATCH(O17,Hoja4!$D$4:$H$4,0))} -> 3 | R17: SI | S17: Contratista/ supervisor | T17: Desde la ocurrencia del evento | U17: Fin de la Operación | V17: A través de seguimientos a las alternativas establecidas para dar cumplimiento a las condiciones | W17: Mensualmente - Durante la ejecución del contrato
A18: 11 | B18: GENERAL | C18: EXTERNO | D18: EJECUCIÓN | E18: RIESGO OPERACIONAL | F18: Los bienes y servicios no cumplen con las condiciones técnicas establecidas en el contrato y Anexo Técnico | G18: No cumplimiento o demoras en la entrega de los bienes y servicios establecidos en el contrato y el Anexo Técnico. | H18: 3. Posible (Puede occurrir en cualquier momento futuro) | I18: 1. insignificante | J18: {=INDEX(Hoja4!$C$6:$C$10,MATCH(H18,Hoja4!$B$6:$B$10,0))+INDEX(Hoja4!$D$5:$H$5,MATCH(I18,Hoja4!$D$4:$H$4,0))} -> 4 | K18: {=INDEX(Hoja4!$C$6:$C$10,MATCH(H18,Hoja4!$B$6:$B$10,0))+INDEX(Hoja4!$D$5:$H$5,MATCH(I18,Hoja4!$D$4:$H$4,0))} -> 4 | L18: Contratista y Entidad | M18: Requerir al contratista el cumplimiento de las especificaciones técnicas requeridas en el contrato y anexo técnico | N18: 1. Raro (Puede ocurrir excepcionalmente) | O18: 1. insignificante | P18: {=INDEX(Hoja4!$C$6:$C$10,MATCH(N18,Hoja4!$B$6:$B$10,0))+INDEX(Hoja4!$D$5:$H$5,MATCH(O18,Hoja4!$D$4:$H$4,0))} -> 2 | Q18: {=INDEX(Hoja4!$C$6:$C$10,MATCH(N18,Hoja4!$B$6:$B$10,0))+INDEX(Hoja4!$D$5:$H$5,MATCH(O18,Hoja4!$D$4:$H$4,0))} -> 2 | R18: SI | S18: Contratista/ supervisor | T18: Inicio de la operación | U18: Fin de la Operación | V18: Mediante actas de asistencia a reuniones y establecimiento de compromisos con plazos perentorios. | W18: Mensualmente - Durante la ejecución del contrato
A19: 12 | B19: GENERAL | C19: EXTERNO | D19: EJECUCIÓN | E19: RIESGO REGULATORIO | F19: Expedición de normas que impongan nuevos tributos, impuestos y cargas parafiscales. | G19: Posible afectación en el equilibrio contractual de alguna de las partes | H19: 3. Posible (Puede occurrir en cualquier momento futuro) | I19: 2. menor | J19: {=INDEX(Hoja4!$C$6:$C$10,MATCH(H19,Hoja4!$B$6:$B$10,0))+INDEX(Hoja4!$D$5:$H$5,MATCH(I19,Hoja4!$D$4:$H$4,0))} -> 5 | K19: {=INDEX(Hoja4!$C$6:$C$10,MATCH(H19,Hoja4!$B$6:$B$10,0))+INDEX(Hoja4!$D$5:$H$5,MATCH(I19,Hoja4!$D$4:$H$4,0))} -> 5 | L19: Contratista y Entidad | M19: Aplicación de normas y ajustes al contrato. Revision posible desequilibrio contractual por causas no atribuibles al contratista | N19: 2. Improbable (Puede ocurrir ocasionalmente) | O19: 2. menor | P19: {=INDEX(Hoja4!$C$6:$C$10,MATCH(N19,Hoja4!$B$6:$B$10,0))+INDEX(Hoja4!$D$5:$H$5,MATCH(O19,Hoja4!$D$4:$H$4,0))} -> 4 | Q19: {=INDEX(Hoja4!$C$6:$C$10,MATCH(N19,Hoja4!$B$6:$B$10,0))+INDEX(Hoja4!$D$5:$H$5,MATCH(O19,Hoja4!$D$4:$H$4,0))} -> 4 | R19: SI | S19: Contratista/ supervisor | T19: Cumplimiento de requisitos de ejecución | U19: Terminación del contrato | V19: Revisión normas regulatorias asociadas al servicio | W19: Durante el periodo de ejecución del contrato.
... A25: 18 | B25: ESPECIFICO | C25: EXTERNO | D25: EJECUCIÓN | E25: RIESGO OPERACIONAL | F25: Deficiencias en la infraestructura que no sean subsanables o generen algún riesgo contra la integridad de las personas acogidas. | G25: Parálisis o retraso en la prestación de algunos servicios | H25: 2. Improbable (Puede ocurrir ocasionalmente) | I25: 2. menor | J25: {=INDEX(Hoja4!$C$6:$C$10,MATCH(H25,Hoja4!$B$6:$B$10,0))+INDEX(Hoja4!$D$5:$H$5,MATCH(I25,Hoja4!$D$4:$H$4,0))} -> 4 | K25: {=INDEX(Hoja4!$C$6:$C$10,MATCH(H25,Hoja4!$B$6:$B$10,0))+INDEX(Hoja4!$D$5:$H$5,MATCH(I25,Hoja4!$D$4:$H$4,0))} -> 4 | L25: Contratista | M25: Realizar los cambios en la infraestructura, velando siempre por el bienestar de las mujeres acogidas y sus sistemas familiares. | N25: 2. Improbable (Puede ocurrir ocasionalmente) | O25: 2. menor | P25: {=INDEX(Hoja4!$C$6:$C$10,MATCH(N25,Hoja4!$B$6:$B$10,0))+INDEX(Hoja4!$D$5:$H$5,MATCH(O25,Hoja4!$D$4:$H$4,0))} -> 4 | Q25: {=INDEX(Hoja4!$C$6:$C$10,MATCH(N25,Hoja4!$B$6:$B$10,0))+INDEX(Hoja4!$D$5:$H$5,MATCH(O25,Hoja4!$D$4:$H$4,0))} -> 4 | R25: SI | S25: Contratista | T25: Inicio de la operación | U25: Fin de la Operación | V25: Mediante el seguimiento al estado de la infraestructura | W25: Durante el periodo de ejecución del contrato.
A26: 18 | B26: GENERAL | C26: INTERNO | D26: EJECUCIÓN | E26: RIESGO OPERACIONAL | F26: Mal uso o inobservancia de protocolos de Bioseguridad y planes de gestión ambientales que afecten la salud de las personas en las Casas refugio | G26: Afectación del personal del Proveedor, personal de la SDM, o incluso a la población beneficiada en su integridad personal (enfermedad / contagio) por el contacto. | H26: 2. Improbable (Puede ocurrir ocasionalmente) | I26: 2. menor | J26: 3 | K26: {=INDEX(Hoja4!$C$6:$C$10,MATCH(H26,Hoja4!$B$6:$B$10,0))+INDEX(Hoja4!$D$5:$H$5,MATCH(I26,Hoja4!$D$4:$H$4,0))} -> 4 | L26: Contratista | M26: Implementar controles de bioseguridad que impidan el riesgo de enfermedad. | N26: 2. Improbable (Puede ocurrir ocasionalmente) | O26: 2. menor | P26: {=INDEX(Hoja4!$C$6:$C$10,MATCH(N26,Hoja4!$B$6:$B$10,0))+INDEX(Hoja4!$D$5:$H$5,MATCH(O26,Hoja4!$D$4:$H$4,0))} -> 4 | Q26: {=INDEX(Hoja4!$C$6:$C$10,MATCH(N26,Hoja4!$B$6:$B$10,0))+INDEX(Hoja4!$D$5:$H$5,MATCH(O26,Hoja4!$D$4:$H$4,0))} -> 4 | R26: SI | S26: Contratista | T26: Inicio de la operación | U26: Fin de la Operación | V26: Implementación de medidas de bioseguridad | W26: Durante el periodo de ejecución del contrato.
A28: 8,9,10 | B28: Riesgo extremo
A29: 6, 7 | B29: Riesgo alto
A30: 5 | B30: Riesgo medio
A31: 1,3,4 | B31: Riesgo bajo
A33: Instrucción: 1.Para diligenciar de manera correcta la matriz de riesgos debe revisar el Manual para la Identificación y Cobertura de Riesgo en los Procesos de Contratación expedida por Colombia Compra Eficiente en su ultima versión publicado en la pagína de colombia compra eficiente: https://www.colombiacompra.gov.co/secop-ii 2. Reemplace los datos de la fila No 6, con los datos que correspondan a su necesidad. 3. En la columna A, enumere los riesgos que identifique. 4. Adicione las filas que considere necesarias para su diligenciamiento. 5. Arrastre hacia abajo las celdas de las columnas (h,i,j,k ,n, o, p, q), para que las listas de precios y la formulas se extiendan en la filas que usted adicione.
A38: REGISTRO DE MODIFICACIONES
A40: VERSIÓN | B40: FECHA | C40: DESCRIPCIÓN DE LA MODIFICACIÓN
A41: 1 | B41: _ftn1 | C41: Creación del documento.
C42: Creación del documento.
C43: Creación del documento.
C44: Creación del documento.
A48: _ftnref1
U1048576: Terminación del contrato

Sheet Hoja2
A1: GENERAL | B1: INTERNO | C1: PLANEACIÓN | D1: RIESGO ECONÓMICO | E1: 1. Raro (Puede ocurrir excepcionalmente) | F1: IMPACTO | G1: VALORACIÓN DEL RIESGO | H1: categoría | I1: Contratista
A2: ESPECIFICO | B2: EXTERNO | C2: SELECCIÓN | D2: RIESGO SOCIAL O POLÍTICO | E2: 2. Improbable (Puede ocurrir ocasionalmente) | F2: 1. insignificante | H2: Riesgo bajo | I2: Entidad
C3: CONTRATACIÓN | D3: RIESGO OPERACIONAL | E3: 3. Posible (Puede occurrir en cualquier momento futuro) | F3: 2. menor | H3: Riesgo medio | I3: Contratista y Entidad
C4: EJECUCIÓN | D4: RIESGO FINANCIERO | E4: 4. Probable (Probablemente va a ocurrir) | F4: 3. moderado | H4: Riesgo alto
D5: RIESGO REGULATORIO | E5: 5. Casi cierto (Ocurre en la mayoría de circunstancias) | F5: 4. mayor | H5: Riesgo Extremo
D6: RIESGO DE LA NATURALEZA | F6: 5. Catastrófico
D7: RIESGO AMBIENTAL
D8: RIESGO TECNOLÓGICO

Sheet Hoja4
B3: MATRIZ DE RIESGOS | D3: CONSECUENCIA
D4: 1. insignificante | E4: 2. menor | F4: 3. moderado | G4: 4. mayor | H4: 5. Catastrófico
B5: PROBABILIDAD | D5: 1 | E5: 2 | F5: 3 | G5: 4 | H5: 5
B6: 1. Raro (Puede ocurrir excepcionalmente) | C6: 1 | D6: =$C6+D$5 -> 2 | E6: =$C6+E$5 -> 3 | F6: =$C6+F$5 -> 4 | G6: =$C6+G$5 -> 5 | H6: =$C6+H$5 -> 6
B7: 2. Improbable (Puede ocurrir ocasionalmente) | C7: 2 | D7: =$C7+D$5 -> 3 | E7: =$C7+E$5 -> 4 | F7: =$C7+F$5 -> 5 | G7: =$C7+G$5 -> 6 | H7: =$C7+H$5 -> 7
B8: 3. Posible (Puede occurrir en cualquier momento futuro) | C8: 3 | D8: =$C8+D$5 -> 4 | E8: =$C8+E$5 -> 5 | F8: =$C8+F$5 -> 6 | G8: =$C8+G$5 -> 7 | H8: =$C8+H$5 -> 8
B9: 4. Probable (Probablemente va a ocurrir) | C9: 4 | D9: =$C9+D$5 -> 5 | E9: =$C9+E$5 -> 6 | F9: =$C9+F$5 -> 7 | G9: =$C9+G$5 -> 8 | H9: =$C9+H$5 -> 9
B10: 5. Casi cierto (Ocurre en la mayoría de circunstancias) | C10: 5 | D10: =$C10+D$5 -> 6 | E10: =$C10+E$5 -> 7 | F10: =$C10+F$5 -> 8 | G10: =$C10+G$5 -> 9 | H10: =$C10+H$5 -> 10
D14: Riesgo bajo
D15: Riesgo medio
D16: Riesgo alto
D17: Riesgo Extremo
